 Dungeon Crawl Stone Soup version 0.32-a0-913-g739538afd8 (webtiles) character file.

Game seed: 13353338434590672963

18398 Autsider the Fighter (level 12, -4/111 HPs)
             Began as a Green Draconian Conjurer on Apr 8, 2024.
             Shot with a sling bullet by an orc knight (17 damage)
             ... on level 10 of the Dungeon.
             The game lasted 00:53:43 (13982 turns).

Autsider the Fighter (Green Draconian Conjurer)    Turns: 13982, Time: 00:53:43

Health: -4/111     AC: 12    Str: 10    XL:     12   Next: 27%
Magic:  26/26      EV: 13    Int: 22    God:
Gold:   578        SH:  5    Dex: 17    Spells: 14/31 levels left

rFire   . . .        F - staff "Guent" {rElec rPois rN+ Alchemy}
rCold   . . .        N - +0 buckler
rNeg    + . .        (body armour unavailable)
rPois   +            C - +2 hat
rElec   +            y - +1 cloak {Will+}
rCorr   .            (no gloves)
SInv    .            (no boots)
Will    +....        q - amulet of regeneration
Stlth   +++          l - ring of wizardry
HPRegen 1.18/turn    w - +6 ring of dexterity
MPRegen 0.20/turn

%: wizardry (x1)
@: radiating poison, studying Dodging
A: noxious breath, AC +8, unfitting armour, poison resistance, cold-blooded
a: Noxious Breath


You were on level 10 of the Dungeon.
You visited 2 branches of the dungeon, and saw 11 of its levels.
You also visited: Sewer.

You collected 608 gold pieces.
You spent 30 gold pieces at shops.

Inventory:

Hand Weapons
 e - a +3 dagger
 k - the +3 sling of Doom {freeze, rPois Will- Str+6}
   (You found it on level 2 of the Dungeon)

   Str+6:     It affects your strength (+6).
   rPois:     It protects you from poison.
   Will-:     It decreases your willpower.
 u - a +0 dagger of venom
 B - the +4 great sword "Guclipt" {vamp, rPois rC+}
   (You found it on level 6 of the Dungeon)

   rC+:       It protects you from cold.
   rPois:     It protects you from poison.
 K - the +7 mace of Variability {chaos, chaos arc}
   (You took it off a centaur warrior on level 9 of the Dungeon)
Armour
 y - a +1 cloak of willpower (worn)
 C - a +2 hat (worn)
 N - a +0 buckler (worn)
Magical Staves
 F - the staff "Guent" (weapon) {rElec rPois rN+ Alchemy}
   (You took it off a centaur on level 9 of the Dungeon)

   [staff of alchemy]

   Base accuracy: +5 Base damage: 5 Base attack delay: 1.2 This weapon's minimum
   attack delay (0.6) is reached at skill level 12.
   rElec:     It insulates you from electricity.
   rPois:     It protects you from poison.
   rN+:       It protects you from negative energy.
   Alchemy:   It increases the power of your Alchemy spells.
   It falls into the 'Staves' category.
   It is a one-handed weapon.
 H - a staff of fire
Jewellery
 j - a ring of positive energy
 l - a ring of wizardry (left hand)
 q - an amulet of regeneration (around neck)
 w - a +6 ring of dexterity (right hand)
 I - a ring of protection from cold
 J - a +5 ring of evasion
 O - a ring of willpower
Wands
 o - a wand of quicksilver (2)
 A - a wand of flame (28)
 D - a wand of charming (11)
 E - a wand of roots (32)
Scrolls
 b - a scroll of silence
 d - 4 scrolls of teleportation {@r2}
 g - 2 scrolls of fear
 h - a scroll of immolation
 i - 3 scrolls of vulnerability
 m - a scroll of enchant weapon
 p - a scroll of amnesia
 t - 2 scrolls of blinking
 v - 2 scrolls of enchant armour
 M - a scroll of brand weapon
Potions
 c - a potion of enlightenment
 f - 3 potions of heal wounds {@q2}
 n - 2 potions of might
 r - a potion of degeneration {unknown}
 s - 7 potions of curing {@q1}
 x - a potion of berserk rage {unknown}
 z - a potion of brilliance {unknown}
 G - 2 potions of cancellation
 L - a potion of haste {unknown}
 P - 2 potions of lignification
 Q - a potion of attraction {unknown}


   Skills:
 + Level 11.6 Fighting
 - Level 6.0 Dodging
 - Level 4.0 Stealth
 + Level 3.0 Shields
 + Level 10.0 Spellcasting
 + Level 11.3 Conjurations
 - Level 4.0 Translocations
 + Level 5.5 Alchemy


You had 14 spell levels left.
You knew the following spells:

 Your Spells              Type           Power      Damage    Failure   Level
a - Magic Dart            Conj           100%       1d8       1%          1
b - Searing Ray           Conj           100%       2d8       1%          2
c - Fulminant Prism       Conj/Alch      32%        3d15      1%          4
d - Iskenderun's Mystic   Conj/Tloc      44%        2d10      (+2d51%     4
e - Olgreb's Toxic Radia  Alch           52%        N/A       3%          4
z - Blink                 Tloc           56%        N/A       1%          2

Your spell library contained the following spells:

 Spells                   Type           Power      Damage    Failure   Level
 Apportation              Tloc           56%        N/A       1%          1
 Sting                    Conj/Alch      100%       1d9       1%          1
 Lesser Beckoning         Tloc           56%        N/A       1%          2
 Mercury Vapours          Alch/Air       68%        N/A       1%          2
 Momentum Strike          Conj/Tloc      88%        3d10      1%          2
 Teleport Other           Tloc           28%        N/A       1%          3
 Necrotise                Necr           44%        1d6       3%          1
 Summon Small Mammal      Summ           44%        N/A       3%          1
 Call Canine Familiar     Summ           11%        N/A       11%         3
 Sigil of Binding         Hex            11%        N/A       11%         3
 Dimensional Bullseye     Hex/Tloc       9%         N/A       16%         4
 Dispersal                Tloc           14%        N/A       67%         6
 Gell's Gavotte           Tloc           14%        2d(17-26) 67%         6


Dungeon Overview and Level Annotations

Branches:
Dungeon (10/15)            Temple (1/1) D:4            Lair (0/5) D:10
    Orc (0/2) D:9           Sewer (visited)

Altars:
Ashenzari
Cheibriados
Dithmenos
Elyvilon
Fedhas
Gozag
Hepliaklqana
Kikubaaqudgha
Makhleb
Nemelex Xobeh
Okawaru
Qazlal
Ru
Sif Muna
Trog
Uskayaw
Vehumet
Wu Jian
Xom
Yredelemnul
Zin
The Shining One

Shops:
D:2 *   D:3 *   D:8 =

Portals:
Trove: D:10 (give 18 scrolls of teleportation)

Annotations:
D:3 2 transporters, zyxw121's ghost, amateur KoBr
D:4 exclusion: downstairs
D:7 exclusion: downstairs
D:8 2 transporters, Konar's ghost, novice CoHu
D:9 exclusion: downstairs
D:10 1 transporter


Innate Abilities, Weirdness & Mutations

You can breathe blasts of noxious fumes.
Your lurid green scales are hard. (AC +8)
You cannot fit into any form of body armour.
Your system is resistant to poisons. (rPois)
You are cold-blooded and may be slowed by cold attacks.


Message History

The ettin looks even sicker.
The orc knight looks even sicker.
The yak looks even sicker. x2
The ettin hits you with a +0 dire flail!!!
The ettin hits you with a +0 dire flail!!
* * * LOW HITPOINT WARNING * * *
The yak closely misses you. The orc knight barely misses you.
The boulder beetle hits you!!
* * * LOW HITPOINT WARNING * * *
The boulder beetle stops rolling and uncurls.
Casting: Olgreb's Toxic Radiance (mildly dangerous; 3% risk of failure)
Confirm with . or Enter, or press ? or * to list all spells.
You erupt in a blast of force!
The mystic blast hits the yak.
The yak is almost dead.
The yak is knocked back by the mystic blast.
The mystic blast hits the boulder beetle but does no damage.
The boulder beetle is moderately wounded.
The mystic blast hits the orc knight.
The orc knight is moderately wounded.
The orc knight is knocked back by the mystic blast.
The orc knight slams into the translucent stone wall.
The mystic blast hits the ettin!
The ettin is moderately wounded.
The ettin is knocked back by the mystic blast.
The mystic blast hits the yak!!
You kill the yak!
The mystic blast hits the yak.
The yak is severely wounded.
The yak is knocked back by the mystic blast.
The yak looks as sick as possible!
The orc knight looks as sick as possible!
The boulder beetle bites you!
* * * LOW HITPOINT WARNING * * *
Your Spellcasting skill increases to level 10!
Magic courses through your body.
The yak looks as sick as possible!
The orc knight looks as sick as possible!
The orc knight unwields a +0 great mace.
The orc knight wields the +8 sling of Inconvenience {elec, rPois}.
You hear the crackle of electricity.
The orc knight shoots a sling bullet.
The sling bullet hits you!
You die...

#...#...... #############
#..........
##...........###..........
#..#########...........[..
#.##...©...##..........#..
#.#ß.......ß#..........#..
##.#.........#..........#..
##..#_?...BYC.#..........##.
##..©#......@Y.#©...##.......
#.†..#_[.......#.............
#####.##.#........o#....<........
#.....##.#ß....)..ß#.............
......##.##.......##...###.......
......##..#########..##..........
......###........................
......# ##................#......
......####..............##.......


You could see a boulder beetle (very poisoned), an orc knight (extremely
poisoned), an ettin (very poisoned) and 2 yaks.

Vanquished Creatures
  Erolcha (D:10)
  2 centaur warriors (D:9)
  Erica (D:8)
  3 two-headed ogres
  A skeletal warrior (D:9)
  A deep elf pyromancer (D:8)
  An ugly thing (D:8)
  An elephant (D:10)
  Maggie (D:8)
  An unseen horror (D:10)
  5 unseen horror zombies (D:9)
  A tengu conjurer (D:9)
  Prince Ribbit (D:8)
  2 hornets
  Sigmund (D:2)
  A slime creature (D:9)
  2 shadows (D:9)
  16 yaks
  A wyvern (D:9)
  2 wraiths
  A steam dragon (D:8)
  6 vampire mosquitoes
  An acid dragon (D:9)
  A water moccasin (D:9)
  3 orc warriors
  A sky beast (D:7)
  A black bear (D:8)
  2 ice beasts
  Pargi (Sewer)
  A hornet zombie (D:9)
  2 ogres
  2 centaurs
  3 phantoms
  2 gnoll sergeants (D:9)
  2 kobold brigands
  A brain worm (Sewer)
  3 scorpions
  10 bullfrogs
  18 wights
  7 killer bees
  2 electric eels (D:9)
  5 howler monkeys
  3 hounds
  A bombardier beetle (D:5)
  3 centaur zombies (D:9)
  4 jellies
  Crazy Yiuf (D:3)
  7 orc priests
  2 sleepcaps
  Jessica (D:2)
  Terence (D:2)
  An iguana (D:4)
  5 orc wizards
  3 howler monkey zombies (D:9)
  6 adders
  4 gnolls (D:5)
  5 river rats (D:7)
  2 white imps (D:7)
  A dart slug (D:2)
  A ribbon worm (D:3)
  37 orcs
  5 ball pythons
  4 endoplasms
  8 giant cockroaches
  10 hobgoblins
  4 jackals
  19 kobolds
  6 quokkas
  5 bats
  2 frilled lizards
  8 goblins
  16 rats (D:7)
295 creatures vanquished.

Vanquished Creatures (collateral kills)
  A vampire mosquito (D:9)
  An orc warrior (D:9)
  A killer bee (D:9)
  An orc priest (D:9)
  An orc wizard (D:9)
  A howler monkey zombie (D:9)
6 creatures vanquished.

Vanquished Creatures (others)
  59 fulminant prisms
59 creatures vanquished.

Grand Total: 360 creatures vanquished

Notes
Turn   | Place    | Note
-------+----------+-------------------------------------------
     0 | D:1      | Autsider the Draconian Conjurer began the quest for the
                  | Orb.
     0 | D:1      | Reached XP level 1. HP: 14/14 MP: 3/3
   299 | D:1      | Reached XP level 2. HP: 22/22 MP: 1/5
   302 | D:1      | Learned a level 2 spell: Searing Ray
   592 | D:1      | Reached skill level 1 in Fighting
  1242 | D:2      | Identified the +3 sling of Doom {freeze, rPois Will- Str+6}
  1290 | D:2      | Noticed Terence
  1312 | D:2      | Reached XP level 3. HP: 26/28 MP: 3/6
  1319 | D:2      | Killed Terence
  1408 | D:2      | Noticed Sigmund
  1410 | D:2      | Killed Sigmund
  1411 | D:2      | Reached skill level 5 in Conjurations
  1411 | D:2      | Reached XP level 4. HP: 38/38 MP: 7/9
  1411 | D:2      | Reached XP level 5. HP: 45/45 MP: 7/10
  1539 | D:2      | Found Luphin's Assorted Antiques.
  1737 | D:2      | Noticed Jessica
  1740 | D:2      | Killed Jessica
  1899 | D:3      | Found a glowing drain.
  1924 | Sewer    | Entered a sewer
  1925 | Sewer    | Noticed Pargi
  1941 | Sewer    | Reached XP level 6. HP: 30/52 MP: 7/11
  1942 | Sewer    | Killed Pargi
  2179 | D:3      | Found a stormy altar of Qazlal.
  2240 | D:3      | Found Ykiefu's General Store.
  2287 | D:3      | Bought a potion of curing for 30 gold pieces
  2297 | D:3      | Identified the +4 halberd of Useijui {vamp, Str+2 Int+3}
  2330 | D:3      | Found a transporter.
  2336 | D:3      | Found a transporter.
  2339 | D:3      | Noticed zyxw121's ghost (amateur KoBr)
  2460 | D:3      | Your scales start taking on a lurid green colour.
  2460 | D:3      | Reached XP level 7. HP: 60/60 MP: 13/13
  2460 | D:3      | Gained mutation: Your system is resistant to poisons.
                  | (rPois) [Green Draconian growth]
  2847 | D:3      | Identified the +4 chain mail of the Past {rF+ rC+}
  2882 | D:3      | Found a runed translucent door.
  2883 | D:3      | Noticed Crazy Yiuf
  3018 | D:3      | Killed Crazy Yiuf
  3210 | D:4      | Reached skill level 1 in Alchemy
  3258 | D:4      | Found a staircase to the Ecumenical Temple.
  3281 | Temple   | Entered the Ecumenical Temple
  3465 | D:4      | Reached skill level 5 in Fighting
  3535 | D:4      | Found a glowing silver altar of Zin.
  3540 | D:4      | Found an iron altar of Okawaru.
  3574 | D:4      | Learned a level 4 spell: Fulminant Prism
  3579 | D:4      | Learned a level 4 spell: Iskenderun's Mystic Blast
  4123 | D:5      | Entered Level 5 of the Dungeon
  4224 | D:5      | Reached skill level 5 in Spellcasting
  4340 | D:5      | Reached XP level 8. HP: 69/69 MP: 15/15
  4603 | D:5      | Found a hazy altar of Hepliaklqana.
  5833 | D:6      | Identified the +4 great sword "Guclipt" {vamp, rPois rC+}
  5931 | D:7      | Reached skill level 1 in Translocations
  6379 | D:7      | Reached XP level 9. HP: 42/78 MP: 11/17
  7537 | D:8      | Noticed Prince Ribbit
  7541 | D:8      | Noticed a two-headed ogre
  7545 | D:8      | Killed Prince Ribbit
  7545 | D:8      | Noticed Maggie
  7825 | D:8      | Killed Maggie
  7958 | D:8      | Reached skill level 5 in Dodging
  7966 | D:8      | Noticed a two-headed ogre
  7976 | D:8      | Killed a two-headed ogre
  8187 | D:8      | Reached XP level 10. HP: 61/80 MP: 15/20
  8304 | D:8      | Found Marurr's Jewellery Boutique.
  8407 | D:8      | Killed a two-headed ogre
  8535 | D:8      | Found a transporter.
  8540 | D:8      | Noticed Konar's ghost (novice CoHu)
  8641 | D:8      | Noticed a deep elf pyromancer
  8649 | D:8      | Killed a deep elf pyromancer
  8894 | D:8      | Found a hide-covered altar of Uskayaw.
  8932 | D:8      | Found a transporter.
  8974 | D:8      | Found a sacrificial altar of Ru.
  8975 | D:8      | Noticed Erica
  8994 | D:8      | Killed Erica
  9267 | D:9      | Found a white marble altar of Elyvilon.
  9310 | D:9      | Noticed a skeletal warrior
  9349 | D:9      | Killed a skeletal warrior
  9469 | D:9      | Reached XP level 11. HP: 84/97 MP: 4/23
  9630 | D:9      | Noticed a centaur warrior
  9637 | D:9      | Learned a level 2 spell: Blink
  9642 | D:9      | Learned a level 4 spell: Olgreb's Toxic Radiance
  9672 | D:9      | Killed a centaur warrior
  9790 | D:9      | Identified the staff "Guent" {rElec rPois rN+ Alchemy}
  9862 | D:9      | Reached skill level 10 in Fighting
  9923 | D:9      | Reached skill level 10 in Conjurations
  9931 | D:9      | Noticed a brown ugly thing
  9948 | D:9      | Noticed a centaur warrior
  9991 | D:8      | Killed a brown ugly thing
 10745 | D:9      | Noticed a two-headed ogre
 10964 | D:9      | Killed a centaur warrior
 11552 | D:9      | Killed a two-headed ogre
 11553 | D:9      | Reached skill level 1 in Shields
 11774 | D:9      | Found an opulent altar of Gozag.
 12125 | D:9      | Found a staircase to the Orcish Mines.
 12265 | D:9      | Found a shadowy altar of Dithmenos.
 12290 | D:10     | Entered Level 10 of the Dungeon
 12294 | D:10     | Noticed an orc knight
 12392 | D:10     | Noticed an ettin
 12487 | D:10     | Noticed Erolcha
 12492 | D:10     | Killed Erolcha
 12493 | D:10     | Reached XP level 12. HP: 110/110 MP: 13/25
 12650 | D:10     | Found a portal to a secret trove of treasure.
 12743 | D:10     | Found a transporter.
 12754 | D:9      | Reached skill level 5 in Alchemy
 13348 | D:10     | Found a transporter.
 13348 | D:10     | Identified the +8 sling of Inconvenience {elec, rPois}
 13348 | D:10     | Noticed a boulder beetle
 13353 | D:10     | Found a radiant altar of Vehumet.
 13353 | D:10     | Found a basalt altar of Yredelemnul.
 13794 | D:10     | Found a staircase to the Lair.
 13982 | D:10     | Reached skill level 10 in Spellcasting
 13982 | D:10     | Shot with a sling bullet by an orc knight

Illustrated notes

Levels and vault maps discovered:
D:1:      dreamdust_arrival_sigmund_warning, layout_loops_ring,
          minmay_misc_feat_enclosed, minivault_5
D:2:      layout_loops_ring, serial_shops, nicolae_shop_overgrown_old_shop,
          uniq_sigmund, uniq_terence, uniq_jessica
D:3:      layout_loops_ring, nicolae_qazlal_scattered_showers,
          gup_sewer_entry_pipe, serial_shops, nicolae_shop_hallway_stairs,
          gammafunk_ghost_gnarly_gnolls, uniq_crazy_yiuf_cottage
D:4:      layout_basic, jmf_multi_god_temple,
          minmay_temple_entry_statues_pillars, minmay_strange_pillars
D:5:      layout_gridville, mainiacjoe_overflow_catwalk, minmay_misc_feat_chi
D:6:      layout_loops_ring
D:7:      layout_basic, dk_rats_in_the_wall
D:8:      layout_loops_ring, nicolae_ru_awakened_eye, kennysheep_mini_moat,
          serial_shops, nicolae_diamond_shop, gammafunk_ghost_arena,
          guppyfry_early_elven_hall, uniq_maggie, uniq_erica,
          uniq_prince_ribbit1
D:9:      minmay_the_grid_four_pointed_star_mashed
          [minmay_the_grid_triangle_9x9_sparse_checkered,
          minmay_the_grid_triangle_9x9_odd_lines,
          minmay_the_grid_triangle_9x9_pentomino_pain,
          minmay_the_grid_triangle_9x9_from_above,
          minmay_the_grid_prize_trominoes], layout_basic,
          mainiacjoe_overflow_brackets, grunt_dithmenos_shadows,
          mainiacjoe_overflow_six_doors_small, orc_0_dummy, serial_undead,
          serial_undead_d, serial_undead_f, serial_undead_b, serial_undead_f,
          serial_undead_c, serial_undead_c, serial_undead_f, serial_undead_b,
          serial_undead_b, serial_undead_a
D:10:     layout_cross, gammafunk_temple_overflow_arena,
          grunt_lair_entry_orc_guard_hut, enter_trove_0, serial_park,
          serial_park_square1 [serial_park_minivault_5x5_1],
          serial_park_tiny_pond, uniq_erolcha
Temple:   hellmonk_temple_of_storms

Skill      XL: |  1  2  3  4  5  6  7  8  9 10 11 12 |
---------------+-------------------------------------+-----
Fighting       | 1 3 4 5 6 7 9 11 | 11.6
Spellcasting   | 3 4 5 6 8 9 10 | 10.0
Conjurations   | 5 6 7 8 9 11 | 11.3
Alchemy        | 3 4 5 |  5.5
Dodging        | 3 5 6 |  6.0
Stealth        | 2 4 |  4.0
Translocations | 1 4 |  4.0
Shields        | 2 3 |  3.0

Action                     |  1- 3 |  4- 6 |  7- 9 | 10-12 || total
---------------------------+-------+-------+-------+-------++-------
  Melee: Unarmed           |    25 |       |       |       ||    25
         Tailslap          |     1 |       |       |     5 ||     6
         Sling             |       |       |       |     1 ||     1
         Staff             |       |       |       |    33 ||    33
   Fire: Sling             |    12 |    93 |   250 |   119 ||   474
   Cast: Magic Dart        |    37 |       |       |   127 ||   164
         Searing Ray       |     1 |       |    26 |    29 ||    56
         Fulminant Prism   |       |       |    26 |    33 ||    59
         Iskenderun's Myst |       |       |    12 |    41 ||    53
         Olgreb's Toxic Ra |       |       |       |    41 ||    41
Ability: Noxious Breath    |       |       |       |     1 ||     1
  Evoke: Wand              |     4 |     2 |       |     8 ||    14
    Use: Scroll            |       |       |    13 |    10 ||    23
         Potion            |       |       |       |     3 ||     3
 Armour: Skin              |    27 |    24 |   121 |   412 ||   584
  Dodge: Dodged            |    32 |    19 |   119 |   345 ||   515
  Block: Buckler           |       |       |       |    28 ||    28

Table legend: (Time is in decaauts)
 A = Elapsed time spent in this place.
 B = Non-inter-level travel time spent in this place.
 C = Inter-level travel time spent in this place.
 D = Time resting spent in this place.
 E = Time spent auto-exploring this place.
 F = Levels seen in this place.
 G = Mean time per level.
                   A        B        C        D        E       F      G
               +--------+--------+--------+--------+--------+-----+--------+
         Total |  14266 |  13808 |    458 |    968 |  10216 |  12 | 1188.8 |
       Dungeon |  13974 |  13558 |    416 |    968 |  10026 |  10 | 1397.4 |
        Temple |     42 |      0 |     42 |      0 |      0 |   1 |   42.0 |
         Sewer |    248 |    248 |      0 |      0 |    190 |   1 |  248.0 |
               +--------+--------+--------+--------+--------+-----+--------+

Top non-repeatable levels by time:
     D:9: 3002 daAuts
     D:8: 2084 daAuts
     D:7: 1624 daAuts
    D:10: 1521 daAuts
     D:1: 1240 daAuts
     D:5: 1061 daAuts
     D:4: 1038 daAuts
     D:3: 1026 daAuts
     D:6: 726 daAuts
     D:2: 649 daAuts
   Sewer: 248 daAuts
  Temple: 42 daAuts
